 Dungeon Crawl Stone Soup version 0.31.0-32-g396128a36d (webtiles) character file.

Game seed: 12354499395575804607

502 firemarshallily the Trooper (level 6, -12/51 HPs)
             Began as a Demonspawn Fighter on Mar 9, 2024.
             Was a Believer of Sif Muna.
             Mangled by an ogre
             ... wielding a +0 giant club
              (35 damage)
             ... on level 4 of the Dungeon.
             The game lasted 00:07:27 (3084 turns).

firemarshallily the Trooper (Demonspawn Fighter)    Turns: 3084, Time: 00:07:27

Health: -12/51     AC:  8    Str: 18    XL:     6   Next: 95%
Magic:  6/6        EV: 10    Int:  8    God:    Sif Muna [**....]
Gold:   161        SH:  5    Dex: 13    Spells: 5/5 levels left

rFire   + . .        a - +0 war axe
rCold   . . .        c - +0 buckler
rNeg    . . .        i - +0 ring mail
rPois   .            j - +0 helmet
rElec   .            (no cloak)
rCorr   .            (no gloves)
SInv    .            q - +0 pair of boots
Will    .....        (no amulet)
Stlth   +            h - ring of flight
HPRegen 0.28/turn    d - ring of protection from fire
MPRegen 0.10/turn

%: no passive effects
@: flying
A: foul stench 1, demonic touch 2
a: Renounce Religion, Channel Magic


You were on level 4 of the Dungeon.
You worshipped Sif Muna.
Sif Muna was pleased with you.
You visited 1 branch of the dungeon, and saw 4 of its levels.

You collected 161 gold pieces.

Inventory:

Hand Weapons
 a - a +0 war axe (weapon)
Missiles
 p - 6 atropa-tipped darts
 u - 6 poisoned darts (quivered)
Armour
 b - a +0 scale mail
 c - a +0 buckler (worn)
 i - a +0 ring mail (worn)
 j - a +0 helmet (worn)
 q - a +0 pair of boots (worn)
Jewellery
 d - a ring of protection from fire (right hand)
 h - a ring of flight (left hand)
 v - a ring of protection from fire
Scrolls
 e - a scroll of vulnerability {unknown}
 f - 2 scrolls of fog {unknown}
 n - 2 scrolls of identify {unknown}
 o - a scroll of immolation {unknown}
 r - a scroll of blinking {unknown}
 s - a scroll of teleportation {unknown}
 t - a scroll of enchant weapon {unknown}
Potions
 g - a potion of mutation {unknown}
 k - a potion of degeneration {unknown}
 l - 2 potions of brilliance {unknown}
 m - a potion of invisibility {unknown}
 w - a potion of curing


   Skills:
 * Level 5.4 Fighting
 + Level 3.3 Axes
 + Level 3.9 Armour
 * Level 4.1 Shields


You had 5 spell levels left.
You didn't know any spells.
Your spell library contained the following spells:

 Spells                   Type           Power      Damage    Failure   Level
 Dazzling Flash           Conj/Hex       0%         N/A       95%         3
 Volatile Blastmotes      Fire/Tloc      0%         2d10      95%         3
 Starburst                Conj/Fire      0%         6d3       100%        6
 Maxwell's Capacitive Co  Air            0%         ∞         100%        8


Dungeon Overview and Level Annotations

Branches:
Dungeon (4/15)
 Temple: D:4-7

Altars:
Sif Muna


Innate Abilities, Weirdness & Mutations

You may rarely emit foul miasma when damaged in melee.
Your touch may inflict irresistible damage on your foes.


Message History

You barely miss the gnoll.
The gnoll is moderately wounded.
The gnoll hits you from afar with a +0 spear.
An ogre comes into view. It is wielding a +0 giant club.
The ogre shouts!
You slash the gnoll!
The gnoll is almost dead.
You hit the gnoll but do no damage. You block the gnoll's attack.
The gnoll hits you but does no damage.
A gnoll comes into view. It is wielding a +0 halberd.
You block the gnoll's attack. The gnoll hits you with a +0 whip.
The gnoll hits you but does no damage.
The gnoll shouts!
You hit the gnoll.
You kill the gnoll!
Sif Muna accepts your kill.
You slash the gnoll!
You kill the gnoll!
Sif Muna accepts your kill.
The gnoll hits you from afar with a +0 spear.
The gnoll barely misses you.
Things that are here:
a +0 whip; a gnoll corpse You slash the gnoll!
The gnoll is severely wounded.
You block the gnoll's attack.
You hit the gnoll.
The gnoll is almost dead.
You hit the ogre but do no damage. You block the gnoll's attack.
The ogre hits you with a +0 giant club!!
The gnoll hits you but does no damage. The gnoll barely misses you.
The gnoll hits you but does no damage.
An endoplasm comes into view.
You hit the gnoll.
You kill the gnoll!
Sif Muna accepts your kill.
You hit the ogre.
The ogre hits you with a +0 giant club!!
Ouch! That really hurt!
You die...

.........## .##J........##
.............#
#...>........#
.............#
............# .....g.....#
.......)O..# .
...##.......#@######### ..
............).##..^...#
.##......................#
.#..#................#...#
..>..##............##....#
.#...#.#..........#.#....#
......#.##.....†##.#.....#
.......##.#....#.##......#
.......#.#.####.#.#......#


You could see an ogre, a gnoll and an endoplasm.

Vanquished Creatures
  Sigmund (D:3)
  A bullfrog (D:4)
  Jessica (D:2)
  An iguana (D:4)
  Robin (D:4)
  12 adders
  3 gnolls (D:4)
  A dart slug (D:4)
  3 ribbon worms
  An orc (D:4)
  5 bats
  4 endoplasms
  A giant cockroach (D:3)
  11 goblins
  12 hobgoblins
  7 kobolds
  A quokka (D:1)
  10 ball pythons
  7 frilled lizards
  5 rats
88 creatures vanquished.

Notes
Turn   | Place    | Note
-------+----------+-------------------------------------------
     0 | D:1      | firemarshallily the Demonspawn Fighter began the quest for
                  | the Orb.
     0 | D:1      | Reached XP level 1. HP: 18/18 MP: 1/1
    64 | D:1      | Gained mutation: Your touch may inflict minor irresistible
                  | damage on your foes. [demonic ancestry]
    64 | D:1      | Reached XP level 2. HP: 17/24 MP: 2/2
   865 | D:2      | Reached XP level 3. HP: 28/29 MP: 3/3
  1101 | D:2      | Reached XP level 4. HP: 37/37 MP: 4/4
  1352 | D:2      | Noticed Jessica
  1364 | D:2      | Killed Jessica
  1365 | D:2      | Reached skill level 4 in Fighting
  1677 | D:3      | Noticed Sigmund
  1690 | D:3      | Killed Sigmund
  1691 | D:3      | Gained mutation: You may rarely emit foul miasma when
                  | damaged in melee. [demonic ancestry]
  1691 | D:3      | Reached XP level 5. HP: 33/43 MP: 5/5
  1691 | D:3      | Gained mutation: Your touch may inflict irresistible damage
                  | on your foes. [demonic ancestry]
  1691 | D:3      | Reached XP level 6. HP: 39/50 MP: 6/6
  2300 | D:3      | Found a faded altar of an unknown god.
  2312 | D:3      | Reached skill level 5 in Fighting
  2316 | D:3      | Prayed at the altar of an unknown god.
  2316 | D:3      | Became a worshipper of Sif Muna the Loreminder
  2316 | D:3      | Reached * piety under Sif Muna
  2963 | D:4      | Noticed Robin
  2978 | D:4      | Reached ** piety under Sif Muna
  2983 | D:4      | Killed Robin
  3084 | D:4      | Mangled by an ogre

Illustrated notes

Levels and vault maps discovered:
D:1:      erik_arrival_cave_to_civilisation [erik_arrival_cave_to_hall],
          layout_basic
D:2:      layout_basic, uniq_jessica
D:3:      layout_loops_corners, nicolae_ecumenical_snake_handling, uniq_sigmund
D:4:      layout_rooms, minmay_misc_feat_secret_circle, st_stairs_7, uniq_robin,
          uniq_crazy_yiuf_cottage

Skill      XL: |  1  2  3  4  5  6 |
---------------+-------------------+-----
Axes           | 2 3 |  3.3
Armour         | 3 |  3.9
Shields        | 3 4 |  4.1
Fighting       | 4 5 |  5.4

Action                     |  1- 3 |  4- 6 || total
---------------------------+-------+-------++-------
  Melee: War axe           |    87 |   155 ||   242
    Use: Potion            |       |     3 ||     3
 Armour: Scale mail        |    28 |       ||    28
         Ring mail         |    33 |   125 ||   158
  Dodge: Dodged            |    47 |   101 ||   148
  Block: Buckler           |    23 |    47 ||    70
